 Dungeon Crawl Stone Soup version 0.30-a0-121-gb27577e5d9 (webtiles) character file.

Game seed: 5690841584348536307

3656 ytrimaz the Thaumaturge (level 9, 0/57 HPs)
             Began as a Mummy Necromancer on Sept 14, 2022.
             Was an Initiate of Kikubaaqudgha.
             Slain by Erica
             ... wielding a +2 scimitar of flaming
              (2 damage)
             ... on level 8 of the Dungeon.
             The game lasted 00:13:51 (10382 turns).

ytrimaz the Thaumaturge (Mummy Necromancer)        Turns: 10382, Time: 00:13:52

Health: 0/57       AC:  6    Str:  9    XL:     9   Next: 88%
Magic:  19/25      EV: 12    Int: 27    God:    Kikubaaqudgha [......]
Gold:   280        SH:  0    Dex: 26    Spells: 19/32 levels left

rFire   . . .      SeeInvis .    l - +7 dagger of the Imperium {vorpal, rF+ rN+ Str-3 Dex+8}
rCold   + . .      Faith    +    (no shield)
rNeg    + + +      Spirit   .    n - +0 steam dragon scales
rPois   ∞          Reflect  +    o - +0 helmet
rElec   .          Harm     .    (no cloak)
rCorr   .          Rampage  .    (no gloves)
Will    +....                    (no boots)
Stlth   +.........               p - amulet of reflection
HPRegen 0.19/turn                m - ring of flight
MPRegen 0.19/turn                b - ring "Imophe" {Int+9 Dex+6}

@: confused, flying
A: cold resistance 1, negative energy resistance 3, torment resistance 2, heat
vulnerability 1, in touch with death 1, no potions, faith
a: Renounce Religion


You were on level 8 of the Dungeon.
You worshipped Kikubaaqudgha.
Kikubaaqudgha was noncommittal.
You visited 2 branches of the dungeon, and saw 9 of its levels.

You collected 462 gold pieces.
You spent 182 gold pieces at shops.


Innate Abilities, Weirdness & Mutations

You are immune to poison.
Your flesh is cold resistant. (rC+)
You are immune to negative energy. (rN+++)
You are immune to unholy pain and torment.
You are vulnerable to heat. (rF-)
You are in touch with the powers of death.
You do not drink.
You have a special connection with the divine. (Faith)


   Skills:
 + Level 0.0 Fighting
 - Level 1.5 Dodging
 - Level 1.5 Stealth
 - Level 12.0 Spellcasting
 + Level 11.1 Necromancy


You had 19 spell levels left.
You knew the following spells:

 Your Spells              Type           Power      Damage    Failure   Level
a - Necrotise             Necr           100%       1d9       1%          1
b - Vampiric Draining     Necr           85%        2d12      1%          3
c - Animate Dead          Necr           85%        N/A       1%          4
d - Agony                 Necr           85%        N/A       1%          5

Your spell library contained the following spells:

 Spells                   Type           Power      Damage    Failure   Level
 Apportation              Tloc           32%        N/A       3%          1
 Magic Dart               Conj           64%        1d6       3%          1
 Scorch                   Fire           32%        2d7       5%          2
 Searing Ray              Conj           32%        2d5       5%          2
 Stone Arrow              Conj/Erth      32%        3d9       11%         3
 Animate Armour           Summ/Erth      32%        N/A       34%         4
 Flame Wave               Conj/Fire      16%        2d7       34%         4
 Fulminant Prism          Conj/Hex       8%         3d7       34%         4
 Alistair's Intoxication  Tmut/Pois      10%        N/A       67%         5
 Summon Cactus Giant      Summ           8%         N/A       99%         6
 Lehudib's Crystal Spear  Conj/Erth      8%         10d3      100%        8

Inventory:

Hand Weapons
 l - the +7 dagger of the Imperium (weapon) {vorpal, rF+ rN+ Str-3 Dex+8}
   (You bought it in a shop on level 2 of the Dungeon)

   It inflicts extra damage upon your enemies.
   Str:       It affects your strength (-3).
   Dex:       It affects your dexterity (+8).
   rF:        It protects you from fire.
   rN:        It protects you from negative energy.
Missiles
 d - a throwing net
Armour
 n - +0 steam dragon scales (worn)
   (You found it on level 6 of the Dungeon)
 o - a +0 helmet (worn)
   (You found it on level 3 of the Dungeon)
Jewellery
 b - the ring "Imophe" (right hand) {Int+9 Dex+6}
   (You acquired it on level 3 of the Dungeon)

   [ring of dexterity]

   Int:       It affects your intelligence (+9).
   Dex:       It affects your dexterity (+6).
 c - a ring of fire
   (You found it on level 1 of the Dungeon)
 m - a ring of flight (left hand)
   (You found it on level 6 of the Dungeon)
 p - an amulet of reflection (around neck)
   (You found it on level 6 of the Dungeon)
Wands
 a - a wand of iceblast (6)
   (You found it on level 6 of the Dungeon)
 i - a wand of mindburst (36)
   (You found it on level 5 of the Dungeon)
 j - a wand of digging (7)
   (You took it off Ijyb on level 3 of the Dungeon)
Scrolls
 e - 2 scrolls of magic mapping
 f - a scroll of immolation
 g - 3 scrolls of teleportation
 h - 3 scrolls of blinking
 k - a scroll of identify
 q - a scroll of brand weapon
 r - a scroll of fear

Dungeon Overview and Level Annotations

Branches:
Dungeon (8/15) Zot: 25952  Temple (1/1) D:4 Zot: 5807
   Lair: D:8-11

Altars:
Cheibriados
Dithmenos
Fedhas
Gozag
Kikubaaqudgha
Makhleb
Nemelex Xobeh
Okawaru
Qazlal
Ru
Sif Muna
Trog
Uskayaw
Wu Jian
Xom
Yredelemnul

Shops:
D:2 (   D:5 [   D:8 =

Annotations:
D:7 exclusion: troll
D:8 Erica

... .. ... <..# ... ...#. #>##
... #.. ... #.# ...##'###.#
....'∩'...# ...#'#@#.#
.......@#.# ........#^#
........#.# ........#.#
###############.#
#....######## #.# ##########
#...........###'#####.........
#.............................


You could see Erica.


Message History

Kikubaaqudgha accepts your kill.
The dead are walking! 😕 HP[+1] MP[-1]
You lost 1 mp, and now have 22/25 mp.
You can't see any susceptible monsters within range! (Use Z to cast anyway.)
You now have 244 gold pieces (gained 15).
Things that are here:
a +0 club; an amulet of reflection 😕 MP[+1]
s - an amulet of reflection You drop an amulet of reflection.
Your orc skeleton crumbles into dust!
Key pressed, stopping explore.
You now have 263 gold pieces (gained 19).
Key pressed, stopping explore.
Unknown command. 😎 HP[+9] MP[+2]
Your hp is fully restored (57).
Your mp is fully restored (25).
You see here a +2 vorpal hand axe.
Unknown command.
There is a stone staircase leading up here.
There is an open door here.
There is an open door here.
There is a stone staircase leading up here.
Key pressed, stopping explore.
Key pressed, stopping explore.
You now have 275 gold pieces (gained 12).
You now have 280 gold pieces (gained 5).
Key pressed, stopping explore.
There is an open door here.
Found a stone staircase leading down.
There is a shaft here.
Found Ocu Wex's Jewellery Emporium.
Erica the Fiery-Tempered comes into view.
She is wielding a +2 scimitar of flaming.
Erica points at you and mumbles some strange words.
The lance of force hits you!!
You are knocked back by the lance of force.
You slam into the rock wall!
* * * LOW HITPOINT WARNING * * *
😨 HP[-30]
You take 30 damage, and now have 27/57 hp.
MASSIVE DAMAGE!! (PAUSE)
Found a stone staircase leading up.
Erica hits you with a +2 scimitar of flaming.
* * * LOW HITPOINT WARNING * * *
Erica burns you.
* * * LOW HITPOINT WARNING * * *
😨 HP[-9]
You take 9 damage, and now have 18/57 hp.
Unknown command.
Casting: Necrotise (safe; 1% risk of failure)
Confirm with . or Enter, or press ? or * to list all spells.
Aiming: Vampiric Draining (safe; 1% risk of failure)
Press: ? - help, Shift-Dir - straight line, f - Erica
Aim: Erica, wielding a +2 scimitar of flaming and wearing a +0 robe You feel a surge of power!
You draw life force from Erica!
You feel life coursing into your body.
Erica hits you with a +2 scimitar of flaming!
* * * LOW HITPOINT WARNING * * *
Erica burns you.
* * * LOW HITPOINT WARNING * * *
😱 HP[-8] MP[-3]
You take 8 damage, and now have 10/57 hp.
You lost 3 mp, and now have 22/25 mp.
Unknown command.
You can't drink.
Unknown command.
Casting: Vampiric Draining (safe; 1% risk of failure)
Confirm with . or Enter, or press ? or * to list all spells.
Aiming: Vampiric Draining (safe; 1% risk of failure)
Press: ? - help, Shift-Dir - straight line, f/p - Erica
Aim: Erica, wielding a +2 scimitar of flaming and wearing a +0 robe (lightly wounded)
You feel a surge of power!
You draw life force from Erica!
You feel life coursing into your body! Erica casts a spell at you.
You are confused. 😨 HP[+8] MP[-3]
You regained 8 hp, and now have 18/57 hp.
You lost 3 mp, and now have 19/25 mp.
Unknown command.
You're too confused to cast spells.
Unknown command.
Unknown command.
Unknown command.
You are too confused!
You're too confused to move!
Erica hits you with a +2 scimitar of flaming!
* * * LOW HITPOINT WARNING * * *
Erica burns you.
* * * LOW HITPOINT WARNING * * *
😱 HP[-13]
You take 13 damage, and now have 5/57 hp.
MASSIVE DAMAGE!! (PAUSE)
You bump into the rock wall.
Erica screams, "Hurry, death AWAITS you!"
Erica hits you with a +2 scimitar of flaming.
* * * LOW HITPOINT WARNING * * *
Erica burns you.
You die...
Kikubaaqudgha rasps: "You have failed me!
Welcome... oblivion!"

Skill      XL: |  1  2  3  4  5  6  7  8  9 |
---------------+----------------------------+-----
Spellcasting   | 3 4 5 6 7 9 11 12 | 12.0
Necromancy     | 5 6 7 11 | 11.1
Dodging        | |  1.5
Stealth        | |  1.5

Action                   |  1- 3 |  4- 6 |  7- 9 || total
-------------------------+-------+-------+-------++-------
Melee: Unarmed           |     1 |    20 |     7 ||    28
       Dagger            |       |       |    96 ||    96
       Punch             |       |       |     3 ||     3
Throw: Throwing net      |       |     2 |       ||     2
 Cast: Necrotise         |    52 |    46 |   107 ||   205
       Vampiric Draining |     2 |    14 |    80 ||    96
       Animate Dead      |       |     1 |       ||     1
  Use: Scroll            |     5 |     5 |     5 ||    15
 Stab: Held in net/web   |       |     2 |       ||     2
Armor: Robe              |     3 |     4 |    11 ||    18
       Steam dragon scal |       |       |    25 ||    25
Dodge: Dodged            |     7 |    37 |   116 ||   160
Block: Other             |       |       |    23 ||    23
       Reflection        |       |       |     2 ||     2

Levels and vault maps discovered:
D:1:      onia_arrival_mini_maze_b, layout_basic, ebering_ecumenical_altar_mist
D:2:      layout_basic, serial_shops, shop,
          nicolae_concentric_dashed_squares_mild, columned_hall_lemuel
D:3:      layout_basic, mainiacjoe_overflow_two_lobes,
          mainiacjoe_overflow_boulevard, nicolae_concentric_dashed_squares_wild,
          uniq_ijyb
D:4:      layout_loops_ring, temple_doors_ab, serial_forest,
          infiniplex_forest_clump_medium, infiniplex_forest_clump_medium,
          infiniplex_forest_zigzag_2, infiniplex_forest_straight_1,
          infiniplex_forest_clump_diagonal, infiniplex_forest_lined_2,
          infiniplex_forest_corner_1, grunt_decor_resistance, uniq_sigmund
D:5:      layout_loops_ring, serial_shops, nicolae_shop_behind_doors,
          minmay_diced_spiral
D:6:      layout_layer_cave
D:7:      layout_basic, chequers_mini_garden, st_stairs_8
D:8:      layout_basic, kiku_gazebo_garden_becter,
          chequers_temple_overflow_minitemple, serial_shops,
          nicolae_shop_behind_doors, uniq_erica
Temple:   eino_temple_water

Notes
Turn   | Place    | Note
-------+----------+-------------------------------------------
     0 | D:1      | ytrimaz the Mummy Necromancer began the quest for the Orb.
     0 | D:1      | Reached XP level 1. HP: 13/13 MP: 4/4
     0 | D:1      | magus.rc [v1.9.6]
   115 | D:1      | Reached skill level 3 in Spellcasting
   185 | D:1      | HP: 3/13 [quokka (3)]
   435 | D:1      | Reached XP level 2. HP: 19/19 MP: 0/6
   597 | D:1      | Found a faded altar of an unknown god.
  1074 | D:2      | Found Ympoekar's Antique Weapon Shop.
  1118 | D:2      | Reached skill level 4 in Spellcasting
  1118 | D:2      | Gained mutation: You are in touch with the powers of death.
                  | [Mummy growth]
  1118 | D:2      | Reached XP level 3. HP: 24/24 MP: 3/8
  1122 | D:2      | Learned a level 3 spell: Vampiric Draining
  1679 | D:3      | Identified a scroll of acquirement
  1701 | D:3      | You pick up a book of Scorching and begin reading...
  1701 | D:3      | You add the spells Scorch, Flame Wave and Summon Cactus
                  | Giant to your library.
  1702 | D:3      | Acquired the ring "Imophe" {Int+9 Dex+6}
  1825 | D:3      | Found a burning altar of Makhleb.
  1856 | D:3      | Noticed Ijyb
  1863 | D:3      | Killed Ijyb
  1864 | D:3      | Reached XP level 4. HP: 20/30 MP: 2/10
  1965 | D:3      | Found a shimmering blue altar of Sif Muna.
  2100 | D:3      | Learned a level 4 spell: Animate Dead
  2465 | D:3      | Reached skill level 5 in Spellcasting
  2534 | D:3      | HP: 5/30 [white imp/puff of frost (7)]
  2875 | D:3      | You pick up a book of Conjurations and begin reading...
  2875 | D:3      | You add the spells Magic Dart, Searing Ray and Fulminant
                  | Prism to your library.
  2959 | D:4      | Reached XP level 5. HP: 25/35 MP: 2/13
  3267 | D:4      | Noticed a centaur
  3274 | D:4      | Killed a centaur
  3275 | D:4      | Reached skill level 6 in Spellcasting
  3275 | D:4      | Reached skill level 5 in Necromancy
  3376 | D:4      | Reached XP level 6. HP: 41/41 MP: 10/15
  3567 | D:4      | Noticed Sigmund
  3705 | D:4      | Reached skill level 7 in Spellcasting
  3784 | D:4      | Killed Sigmund
  3785 | D:4      | Reached XP level 7. HP: 19/46 MP: 5/18
  4276 | D:2      | Bought an iridescent dagger for 182 gold pieces
  4276 | D:2      | Identified the +7 dagger of the Imperium {vorpal, rF+ rN+
                  | Str-3 Dex+8} (You bought it in a shop on level 2 of the
                  | Dungeon)
  4387 | D:4      | Reached skill level 8 in Spellcasting
  4387 | D:4      | Reached skill level 6 in Necromancy
  4584 | D:4      | Found a staircase to the Ecumenical Temple.
  4589 | Temple   | Entered the Ecumenical Temple
  4902 | D:5      | Entered Level 5 of the Dungeon
  5141 | D:5      | HP: 7/46 [ogre/+0 giant spiked club (14)]
  5143 | D:5      | Reached skill level 9 in Spellcasting
  5423 | D:5      | You pick up a book of Party Tricks and begin reading...
  5423 | D:5      | You add the spells Apportation and Alistair's Intoxication
                  | to your library.
  5539 | D:5      | Found Henweq's Antique Armour Emporium.
  5828 | D:5      | Reached XP level 8. HP: 44/52 MP: 14/21
  5912 | D:5      | Reached skill level 10 in Spellcasting
  5928 | D:5      | Reached skill level 7 in Necromancy
  5929 | D:5      | You pick up a book of Armaments and begin reading...
  5929 | D:5      | You add the spells Stone Arrow, Animate Armour and
                  | Lehudib's Crystal Spear to your library.
  6522 | D:6      | Reached skill level 11 in Spellcasting
  8015 | D:7      | Noticed a troll
  8232 | D:7      | Reached XP level 9. HP: 57/57 MP: 17/24
  8311 | D:7      | Reached skill level 12 in Spellcasting
  8311 | D:7      | Reached skill level 8 in Necromancy
  9234 | D:7      | Reached skill level 9 in Necromancy
  9373 | D:7      | magus.rc [v1.9.6]
  9555 | D:7      | Reached skill level 10 in Necromancy
 10014 | D:8      | Reached skill level 11 in Necromancy
 10138 | D:8      | Found an ancient bone altar of Kikubaaqudgha.
 10148 | D:8      | Became a worshipper of Kikubaaqudgha
 10155 | D:8      | Learned a level 5 spell: Agony
 10375 | D:8      | Found Ocu Wex's Jewellery Emporium.
 10377 | D:8      | Noticed Erica
 10379 | D:8      | HP: 11/57 [Erica/+2 scimitar of flaming (14)]
 10381 | D:8      | HP: 5/57 [Erica/+2 scimitar of flaming (1)]
 10382 | D:8      | HP: 2/57 [Erica/+2 scimitar of flaming (3)]
 10382 | D:8      | Slain by Erica

Vanquished Creatures
  A hornet (D:7)
  Sigmund (D:4)
  A wyvern (D:7)
  3 steam dragons
  2 water moccasins (D:7)
  A sky beast (D:7)
  An ice beast (D:5)
  3 orc warriors
  2 ogres
  A phantom (D:5)
  4 centaurs
  A kobold brigand (D:7)
  3 bullfrogs
  2 scorpions
  A necrophage (D:7)
  3 wights (D:7)
  4 howler monkeys
  3 orc priests
  5 hounds
  Ijyb (D:3)
  2 iguanas
  5 orc wizards
  7 gnolls
  10 adders
  2 shadow imps
  A white imp (D:3)
  2 dart slugs (D:3)
  27 orcs
  8 ball pythons
  4 endoplasms
  2 giant cockroaches
  9 hobgoblins
  7 kobolds
  2 quokkas
  3 bats
  4 frilled lizards
  2 goblins
  5 rats
145 creatures vanquished.

Vanquished Creatures (collateral kills)
  A howler monkey (D:8)
  A hound (D:4)
  An adder (D:4)
  An orc (D:5)
  A rat (D:1)
5 creatures vanquished.

Vanquished Creatures (others)
  An adder zombie (D:4)
  3 plants (D:4)
  4 withered plants (D:8)
8 creatures vanquished.

Grand Total: 158 creatures vanquished

Table legend:
 A = Non-vault XP
 B = Vault XP
 C = Vault XP percentage of total XP
 D = Non-vault monster count
 E = Vault monster count
 F = Vault count percentage of total count
                 A         B        C        D         E       F
            +---------+---------+-------+---------+---------+-------
      Total |    4493 |     731 |  14.0 |     141 |       9 |   6.0
            +---------+---------+-------+---------+---------+-------
        D:1 |      26 |       0 |   0.0 |      18 |       0 |   0.0
        D:2 |      35 |       0 |   0.0 |       6 |       0 |   0.0
        D:3 |      49 |      36 |  42.4 |      14 |       1 |   6.7
        D:4 |     526 |     223 |  29.8 |      29 |       1 |   3.3
        D:5 |     641 |     279 |  30.3 |      19 |       5 |  20.8
        D:6 |     509 |       0 |   0.0 |      10 |       0 |   0.0
        D:7 |    1882 |     193 |   9.3 |      29 |       2 |   6.5
        D:8 |     825 |       0 |   0.0 |      16 |       0 |   0.0
            +---------+---------+-------+---------+---------+-------

Illustrated notes

Table legend:
 A = Kills in this place as a percentage of kills in entire the game.
 B = Kills by you in this place as a percentage of kills by you in the entire game.
 C = Kills by friends in this place as a percentage of kills by friends in the entire game.
 D = Other kills in this place as a percentage of other kills in the entire game.
 E = Experience gained in this place as a percentage of experience gained in the entire game.
 F = Experience gained in this place divided by the number of levels of this place that you have seen.
                   A       B       C       D       E      F
               +-------+-------+-------+-------+-------+----------------------
         Total | 100.0 | 100.0 | 100.0 |   N/A | 100.0 | 580.4
       Dungeon | 100.0 | 100.0 | 100.0 |   N/A | 100.0 | 653.0
               +-------+-------+-------+-------+-------+----------------------

Table legend: (Time is in decaauts)
 A = Elapsed time spent in this place.
 B = Non-inter-level travel time spent in this place.
 C = Inter-level travel time spent in this place.
 D = Time resting spent in this place.
 E = Time spent auto-exploring this place.
 F = Levels seen in this place.
 G = Mean time per level.
                   A        B        C        D        E       F      G
               +--------+--------+--------+--------+--------+-----+--------+
         Total |  10385 |   9761 |    624 |    126 |   8491 |   9 | 1153.9 |
       Dungeon |  10193 |   9580 |    613 |    126 |   8325 |   8 | 1274.1 |
        Temple |    192 |    181 |     11 |      0 |    166 |   1 |  192.0 |
               +--------+--------+--------+--------+--------+-----+--------+

Top non-repeatable levels by time:
     D:4: 1818 daAuts
     D:7: 1646 daAuts
     D:5: 1471 daAuts
     D:6: 1389 daAuts
     D:3: 1383 daAuts
     D:1: 946 daAuts
     D:8: 800 daAuts
     D:2: 737 daAuts
  Temple: 192 daAuts
